 Dungeon Crawl Stone Soup version 0.29.1-12-g30fa7ad0bf (webtiles) character file.

Game seed: 16596273744708205590

16309 sanboga the Severer (level 12, -23/169 HPs)
             Began as a Minotaur Berserker on Dec 15, 2022.
             Was a High Priest of Trog.
             Killed from afar by a war gargoyle (32 damage)
             ... with a spray of metal splinters
             ... on level 12 of the Dungeon.
             The game lasted 00:14:14 (13140 turns).

sanboga the Severer (Minotaur Berserker)           Turns: 13140, Time: 00:14:15

Health: -23/169    AC: 22    Str: 33    XL:     12   Next: 8%
Magic:  11/11      EV:  9    Int:  4    God:    Trog [*****.]
Gold:   526        SH:  5    Dex: 10    Spells: 11/11 levels left

rFire   . . .      SeeInvis .   r - +1 battleaxe (flame)
rCold   . . .      Faith    .   (shield currently unavailable)
rNeg    . . .      Spirit   .   J - +0 plate armour
rPois   +          Reflect  +   z - +0 hat
rElec   .          Harm     .   c - +0 cloak
rCorr   .          Rampage  .   t - +0 pair of gloves
Will    .....                   w - +2 pair of boots {Fly}
Stlth   ..........              F - amulet of reflection
HPRegen 0.38/turn               D - ring of poison resistance
MPRegen 0.12/turn               s - +6 ring of strength

@: berserking (expiring), flying, very quick
A: horns 2, retaliatory headbutt
a: Renounce Religion, Berserk, Trog's Hand, Brothers in Arms


You were on level 12 of the Dungeon.
You worshipped Trog.
Trog was extremely pleased with you.
You visited 1 branch of the dungeon, and saw 12 of its levels.

You collected 679 gold pieces.
You spent 153 gold pieces at shops.

Inventory:

Hand Weapons
 r - a +1 battleaxe of flaming (weapon)
 L - a +2 vorpal executioner's axe
Armour
 c - a +0 cloak (worn)
 t - a +0 pair of gloves (worn)
 w - a +2 pair of boots of flying (worn)
 z - a +0 hat (worn)
 J - a +0 plate armour (worn)
Jewellery
 s - a +6 ring of strength (right hand)
 D - a ring of poison resistance (left hand)
 F - an amulet of reflection (around neck)
Wands
 a - a wand of charming (11)
 e - a wand of roots (4)
 A - a wand of polymorph (7)
 B - a wand of flame (53)
Scrolls
 b - 2 scrolls of summoning {unknown}
 d - a scroll of silence
 h - 3 scrolls of magic mapping
 j - a scroll of identify
 l - 3 scrolls of enchant armour
 n - 2 scrolls of fog
 o - 3 scrolls of teleportation
 p - a scroll of enchant weapon
 E - 2 scrolls of fear
Potions
 f - 5 potions of degeneration {unknown}
 g - a potion of cancellation {unknown}
 i - 4 potions of brilliance {unknown}
 m - 2 potions of resistance
 q - 2 potions of heal wounds
 u - a potion of berserk rage
 v - 3 potions of might
 x - 4 potions of curing
 C - 3 potions of ambrosia
 H - a potion of flight {unknown}
 I - a potion of magic {unknown}
 K - a potion of mutation {unknown}


   Skills:
 + Level 12.4 Fighting
 * Level 16.8 Axes
 + Level 12.1 Armour
 - Level 2.1 Dodging


You had 11 spell levels left.
You didn't know any spells.
Your spell library was empty.

Dungeon Overview and Level Annotations

Branches:
Dungeon (12/15)            Temple (0/1) D:6            Lair (0/5) D:9
    Orc (0/2) D:11

Altars:
Fedhas
Makhleb
Okawaru
Ru
Sif Muna
Trog
Wu Jian
Xom
Zin
The Shining One

Shops:
D:3 [*=   D:4 !   D:6 (*


Innate Abilities, Weirdness & Mutations

You have a pair of horns on your head.
You reflexively headbutt those who attack you in melee.


Message History

The gargoyle is lightly damaged.
You barely miss the gargoyle.
The gargoyle hits you but does no damage.
The gargoyle hurls a stone arrow at you.
The stone arrow hits you.
* * * LOW HITPOINT WARNING * * *
You slash the gargoyle! You burn the gargoyle! You headbutt the gargoyle.
You destroy the gargoyle!
Trog accepts your kill.
You hit the gargoyle. You burn the gargoyle.
You hit the gargoyle but do no damage. You slash the gargoyle!
You burn the gargoyle.
The gargoyle is severely damaged.
You hit the gargoyle but do no damage.
The gargoyle hurls a stone arrow at you.
The stone arrow hits you.
* * * LOW HITPOINT WARNING * * *
You slash the gargoyle! You burn the gargoyle.
You destroy the gargoyle!
Trog accepts your kill.
You slice the gargoyle!! You burn the gargoyle.
You feel the power of Trog in you as your rage grows.
You destroy the gargoyle!
Trog accepts your kill.
The war gargoyle launches metal splinters at you.
The spray of metal splinters misses you.
You see here a +0 mace.
You feel a strong urge to attack something.
The war gargoyle hits you with a +0 morningstar.
* * * LOW HITPOINT WARNING * * *
You slash the war gargoyle! You burn the war gargoyle.
The war gargoyle is moderately damaged.
The war gargoyle hits you with a +0 morningstar!
* * * LOW HITPOINT WARNING * * *
You cut the war gargoyle into ribbons!!!
You burn the war gargoyle. Your headbutt misses the war gargoyle.
The war gargoyle is almost destroyed.
The war gargoyle launches metal splinters at you.
The spray of metal splinters hits you!!
You die...

#.#)# ## #.#)# ###.###
#.#.# ###.....### #.#.#
#......... #.#.# ####
##...8...## #.#.###...
#.........# #(....#.##
###.....))#######.#.#.#.
#.....9@).........#.....
###.....?)#####.#####.#.
#.........# #(......#.
##...8...## ##########
#......... #§§§§§...
###.....### #§§######
###.### #§§§# # ## #.#.#
# #.#...


You could see a war gargoyle (catching breath).

Vanquished Creatures
  A hydra (D:12)
  A two-headed ogre (D:9)
  A soul eater (D:12)
  2 slime creatures (D:12)
  A fire crab (D:7)
  A deep elf pyromancer (D:12)
  Pikel (D:5)
  A cyclops (D:12)
  A kobold demonologist (D:12)
  8 gargoyles (D:12)
  An unseen horror (D:12)
  Psyche (D:10)
  A hellwing (D:12)
  3 trolls
  A hornet (D:11)
  Grinder (D:6)
  A shadow (D:12)
  Sigmund (D:5)
  A wyvern (D:7)
  2 ynoxinuls (D:12)
  Eustachio (D:5)
  3 wraiths (D:12)
  14 yaks
  2 steam dragons
  Edmund (D:5)
  Menkaure (D:6)
  An acid dragon (D:9)
  A water moccasin (D:6)
  6 orc warriors
  2 sky beasts
  3 ogres
  2 centaurs
  A phantom (D:6)
  3 bullfrogs
  5 kobold brigands
  Blork the orc (D:6)
  2 necrophages
  A scorpion (D:5)
  5 wights (D:10)
  3 howler monkeys
  8 orc priests
  A gnoll bouda (D:6)
  2 hounds
  2 jellies (D:6)
  2 iguanas
  20 orc wizards
  8 adders
  5 gnolls (D:6)
  A shadow imp (D:7)
  A white imp (D:5)
  2 ufetubi (D:5)
  5 worms (D:2)
  5 dart slugs
  34 orcs
  7 endoplasms
  2 giant cockroaches
  7 hobgoblins
  12 jackals
  28 kobolds
  5 quokkas
  10 ball pythons
  5 bats
  3 frilled lizards
  10 goblins
  4 rats
  A fire vortex (D:12)
279 creatures vanquished.

Vanquished Creatures (collateral kills)
  An orc priest (D:7)
  3 shadow imps (D:7)
4 creatures vanquished.

Vanquished Creatures (others)
  A kobold demonologist (D:7)
  2 orcs (D:9)
  2 demonic plants (D:12)
  3 plants (D:7)
8 creatures vanquished.

Grand Total: 291 creatures vanquished

Notes
Turn   | Place    | Note
-------+----------+-------------------------------------------
     0 | D:1      | sanboga the Minotaur Berserker began the quest for the Orb.
     0 | D:1      | Reached XP level 1. HP: 19/19 MP: 0/0
   169 | D:1      | Reached skill level 4 in Axes
   169 | D:1      | Reached XP level 2. HP: 27/27 MP: 1/1
   588 | D:1      | Found a faded altar of an unknown god.
   733 | D:1      | Reached ** piety under Trog
   762 | D:1      | Reached XP level 3. HP: 30/33 MP: 2/2
  1093 | D:2      | HP: 1/49 [worm (8)]
  1654 | D:2      | Reached XP level 4. HP: 40/40 MP: 3/3
  1776 | D:2      | Reached skill level 5 in Axes
  2567 | D:3      | Found Poquriv's Assorted Antiques.
  2579 | D:3      | Bought a scroll labelled LATAYN PUWOENAPT for 18 gold
                  | pieces
  2579 | D:3      | Bought a scroll labelled LATAYN PUWOENAPT for 18 gold
                  | pieces
  2579 | D:3      | Bought a scroll labelled QICHUD FEIT for 18 gold pieces
  2579 | D:3      | Bought a scroll labelled QICHUD FEIT for 18 gold pieces
  2776 | D:3      | Found Faogeipn's Jewellery Shoppe.
  2881 | D:3      | Found Cacainelih's Armour Boutique.
  3205 | D:3      | Reached XP level 5. HP: 30/47 MP: 4/4
  3214 | D:3      | Found an iron altar of Okawaru.
  3769 | D:3      | Bought a pair of boots for 81 gold pieces
  3809 | D:4      | Found a blossoming altar of Fedhas.
  3865 | D:4      | Noticed an ogre
  3869 | D:4      | Killed an ogre
  3870 | D:4      | Reached skill level 5 in Fighting
  3870 | D:4      | Reached skill level 6 in Axes
  3890 | D:4      | Reached XP level 6. HP: 42/56 MP: 5/5
  4459 | D:4      | Found Teugexoce's Distillery.
  4527 | D:5      | Entered Level 5 of the Dungeon
  4548 | D:5      | Reached *** piety under Trog
  4598 | D:5      | Noticed Pikel
  4612 | D:5      | Killed Pikel
  4613 | D:5      | Reached skill level 8 in Axes
  4613 | D:5      | Reached skill level 5 in Armour
  4613 | D:5      | Reached XP level 7. HP: 30/63 MP: 6/6
  5088 | D:5      | Noticed Eustachio
  5112 | D:5      | Killed Eustachio
  5113 | D:5      | Reached XP level 8. HP: 71/71 MP: 7/7
  5208 | D:5      | Noticed Sigmund
  5212 | D:5      | Killed Sigmund
  5213 | D:5      | Reached skill level 9 in Axes
  5219 | D:5      | Noticed Edmund
  5234 | D:5      | Killed Edmund
  5445 | D:5      | Found a glowing silver altar of Zin.
  5496 | D:6      | Noticed Grinder
  5497 | D:6      | Paralysed by Grinder for 3 turns
  5510 | D:6      | Paralysed by Grinder for 5 turns
  5742 | D:6      | Killed Grinder
  5743 | D:6      | Reached skill level 10 in Axes
  5817 | D:6      | Noticed Menkaure
  5822 | D:6      | Killed Menkaure
  5835 | D:6      | Found a bloodstained altar of Trog.
  5994 | D:6      | Identified the +1 robe "Qofolu" {Slay+3}
  6028 | D:6      | Reached XP level 9. HP: 68/81 MP: 8/8
  6259 | D:6      | Found Gyomegoth's Goods Gallery.
  6321 | D:6      | Found a staircase to the Ecumenical Temple.
  6395 | D:6      | Noticed Blork the orc
  6413 | D:6      | Killed Blork the orc
  6414 | D:6      | Reached skill level 11 in Axes
  6521 | D:6      | Found Qotrushu's Weapon Emporium.
  6587 | D:7      | Reached **** piety under Trog
  6621 | D:7      | Found a transporter.
  6625 | D:7      | Noticed a kobold demonologist
  6627 | D:7      | Noticed a fire crab
  6916 | D:7      | Found a transporter.
  6977 | D:7      | Killed a fire crab
  7165 | D:7      | You are sucked into a shaft and drop 3 floors!
  7165 | D:10     | Entered Level 10 of the Dungeon
  7234 | D:9      | Reached skill level 12 in Axes
  7791 | D:7      | Found an ornate altar of the Wu Jian Council.
  8442 | D:8      | Reached XP level 10. HP: 84/91 MP: 9/9
  8612 | D:8      | Found a shimmering blue altar of Sif Muna.
  9295 | D:9      | Noticed a two-headed ogre
  9314 | D:9      | Reached skill level 13 in Axes
  9320 | D:9      | Killed a two-headed ogre
  9331 | D:9      | Reached skill level 10 in Fighting
  9591 | D:9      | Reached ***** piety under Trog
  9770 | D:9      | Found a staircase to the Lair.
  9861 | D:9      | Found a glowing golden altar of the Shining One.
 10080 | D:10     | Reached skill level 10 in Armour
 10197 | D:10     | Reached skill level 14 in Axes
 10495 | D:10     | Reached XP level 11. HP: 85/101 MP: 10/10
 10597 | D:10     | Found a sacrificial altar of Ru.
 10597 | D:10     | Found a burning altar of Makhleb.
 10664 | D:10     | Noticed Psyche
 10668 | D:10     | Killed Psyche
 10938 | D:10     | Found a shimmering altar of Xom.
 11317 | D:11     | Found a staircase to the Orcish Mines.
 11465 | D:11     | Paralysed by a hornet for 2 turns
 11473 | D:11     | Received a gift from Trog
 11869 | D:11     | Reached skill level 15 in Axes
 12012 | D:12     | Noticed an eight-headed hydra
 12017 | D:12     | Noticed a deep elf pyromancer
 12024 | D:12     | Killed a deep elf pyromancer
 12025 | D:12     | Killed a six-headed hydra
 12306 | D:12     | Noticed a soul eater
 12324 | D:12     | Killed a soul eater
 12742 | D:12     | Reached skill level 16 in Axes
 13131 | D:12     | Noticed a war gargoyle
 13133 | D:12     | Reached XP level 12. HP: 31/112 MP: 11/11
 13140 | D:12     | Killed from afar by a war gargoyle

Illustrated notes

Levels and vault maps discovered:
D:1:      shiori_arrival_oz, layout_basic,
          dreamdust_ecumenical_altar_hidden_monk_grotto
D:2:      layout_basic
D:3:      layout_basic, okawaru_gym_becter, serial_shops, shop,
          nicolae_shop_crystal, shop
D:4:      layout_basic, mainiacjoe_overflow_catwalk, serial_shops,
          nicolae_shop_advertising_works [nicolae_subvault_shop_adworks]
D:5:      layout_rooms, zin_academy, uniq_edmund, uniq_sigmund, uniq_pikel,
          uniq_eustachio
D:6:      layout_rooms, mainiacjoe_overflow_alcove_1,
          minmay_temple_entry_nine_rooms, serial_shops, nicolae_lakefront_shop,
          nicolae_alphabet_shops, uniq_menkaure, uniq_blork_the_orc,
          uniq_grinder
D:7:      gammafunk_wand_slinger, layout_gridville, lemuel_tele_altar
D:8:      layout_layer_cave, mainiacjoe_overflow_24_doors
D:9:      layout_rooms, tso_altar, lair_entry_dummy, enter_bailey_3
D:10:     layout_small_grid, nicolae_overflow_hidden_temple, tgw_xom,
          david_defended_altar_orc, uniq_psyche
D:11:     layout_basic, orc_0_dummy
D:12:     gargoyle_guard, layout_basic, serial_demonic, serial_demonic_c,
          serial_demonic_d, serial_demonic_g, serial_demonic_b,
          minmay_misc_feat_pillars, hellmonk_guarded_unrand_cigotuvi

Skill      XL: |  1  2  3  4  5  6  7  8  9 10 11 |
---------------+----------------------------------+-----
Axes           | 4 5 6 8 10 12 14 16 | 16.8
Fighting       | 4 5 6 7 9 10 12 | 12.4
Armour         | 3 4 5 6 7 8 10 12 | 12.1
Dodging        | |  2.1

Action                   |  1- 3 |  4- 6 |  7- 9 | 10-12 || total
-------------------------+-------+-------+-------+-------++-------
Melee: Hand axe          |    41 |       |       |       ||    41
       Headbutt          |     8 |    11 |    30 |    50 ||    99
       War axe           |    44 |   118 |   164 |   129 ||   455
       Punch             |       |     1 |     3 |       ||     4
       Battleaxe         |       |       |       |    90 ||    90
Invok: Berserk           |     2 |     2 |     3 |     4 ||    11
Evoke: Wand              |       |       |     8 |       ||     8
  Use: Scroll            |       |     1 |    11 |     8 ||    20
       Potion            |       |       |     1 |     1 ||     2
 Stab: Sleeping          |     1 |       |       |       ||     1
Armor: Animal skin       |    24 |     2 |       |       ||    26
       Scale mail        |       |    42 |    77 |    58 ||   177
       Skin              |       |       |     3 |       ||     3
       Plate armour      |       |       |       |    55 ||    55
Dodge: Dodged            |    60 |    89 |   101 |    80 ||   330
Block: Other             |       |       |       |    30 ||    30
       Reflection        |       |       |       |     3 ||     3
